 Dungeon Crawl Stone Soup version 0.30.1 (webtiles) character file.

Game seed: 12799421963005890736

24743 Graphine the Spry (level 13, -1/100 HPs)
             Began as a Merfolk Gladiator on July 6, 2023.
             Was a High Priest of Okawaru.
             Slain by an elephant (19 damage)
             ... on level 3 of the Lair of Beasts.
             The game lasted 00:27:26 (12837 turns).

Graphine the Spry (Merfolk Gladiator)              Turns: 12837, Time: 00:27:26

Health: -1/100     AC: 22    Str: 16    XL:     13   Next: 15%
Magic:  18/18      EV: 16    Int: 13    God:    Okawaru [*****.]
Gold:   990        SH:  5    Dex: 16    Spells: 12/12 levels left

rFire   . . .        A - +8 bardiche (chaos)
rCold   . . .        (shield currently unavailable)
rNeg    . . .        d - +5 scale mail {Will+}
rPois   .            y - +2 helmet
rElec   .            l - +2 cloak {Stlth+}
rCorr   .            k - +2 pair of gloves of the Original Sin {Harm Int+3 Slay+2}
SInv    .            (no boots)
Will    +....        b - amulet of reflection
Stlth   +            (no ring)
HPRegen 0.36/turn    (no ring)
MPRegen 0.16/turn

%: harm (+30% outgoing, +20% incoming), reflection
@: attractive
A: (nimble swimmer 2), mertail
a: Renounce Religion, Heroism, Finesse, Duel


You were on level 3 of the Lair of Beasts.
You worshipped Okawaru.
Okawaru was extremely pleased with you.
You visited 2 branches of the dungeon, and saw 12 of its levels.
You also visited: Ossuary.

You collected 990 gold pieces.

Inventory:

Hand Weapons
 o - a +3 quarterstaff of chaos
 A - a +8 bardiche of chaos (weapon)
 F - the +8 whip "Snakebite" {venom, curare, rPois}
   (You found it on level 1 of the Lair of Beasts)

   rPois:     It protects you from poison.
Missiles
 e - 3 javelins (quivered)
 m - a silver javelin
 r - 9 atropa-tipped darts
Armour
 d - a +5 scale mail of willpower (worn)
 g - the scarf of Okawaru's Condemnation {harm, rC+}
   (Okawaru gifted it to you on level 3 of the Lair of Beasts)

   rC:        It protects you from cold.
 k - the +2 pair of gloves of the Original Sin (worn) {Harm Int+3 Slay+2}
   (You acquired it in an ossuary)

   Int:       It affects your intelligence (+3).
   Slay:      It affects your accuracy & damage with ranged weapons and melee
   (+2).
   Harm:      It increases damage dealt and taken.
 l - a +2 cloak of stealth (worn)
 y - a +2 helmet (worn)
 C - the scarf of Viopt {shadows, rElec Dex+2}
   (Okawaru gifted it to you on level 1 of the Lair of Beasts)

   Dex:       It affects your dexterity (+2).
   rElec:     It insulates you from electricity.
Jewellery
 b - an amulet of reflection (around neck)
 h - an amulet of faith
Wands
 n - a wand of mindburst (8)
 E - a wand of flame (21)
Scrolls
 a - 5 scrolls of teleportation
 c - a scroll of brand weapon
 i - 4 scrolls of fog
 q - 4 scrolls of identify
 z - a scroll of amnesia
 D - 2 scrolls of immolation
Potions
 f - 5 potions of brilliance
 j - a potion of berserk rage {unknown}
 p - a potion of magic {unknown}
 s - 2 potions of mutation {unknown}
 t - 3 potions of heal wounds {unknown}
 u - 3 potions of lignification {unknown}
 v - 3 potions of flight
 w - 5 potions of curing
 x - 2 potions of invisibility {unknown}
 B - 4 potions of attraction


   Skills:
 + Level 8.8 Fighting
 * Level 14.9 Polearms
 + Level 8.0 Throwing
 + Level 5.8 Armour
 * Level 15.0 Dodging
 + Level 7.9 Invocations


You had 12 spell levels left.
You didn't know any spells.
Your spell library contained the following spells:

 Spells                   Type           Power      Damage    Failure   Level
 Ensorcelled Hibernation  Hex/Ice        0%         N/A       83%         2
 Passwall                 Tmut/Erth      0%         N/A       83%         2
 Swiftness                Air            0%         N/A       96%         3


Dungeon Overview and Level Annotations

Branches:
Dungeon (9/15)             Temple (0/1) D:4            Lair (3/5) D:9
Ossuary (visited)
  Swamp: Lair:2-3    Shoals: Lair:2-3     Snake: Lair:2-3    Spider: Lair:2-3
    Orc: D:9-12

Altars:
Ashenzari
Cheibriados
Elyvilon
Okawaru
Uskayaw
Wu Jian


Innate Abilities, Weirdness & Mutations

((You are very nimble when in or above water. (Stealth+, EV+, Speed+++)))
Your lower body shifts to a powerful aquatic tail in water.


Message History

You feel better. The elephant tramples you!
* * * LOW HITPOINT WARNING * * *
You hold your ground!
The elephant trunk-slaps you but does no damage.
The elephant closely misses you.
The elephant trunk-slaps you but does no damage.
You feel better. The elephant barely misses you. x2
Okay, then.
You feel better. The elephant closely misses you.
The elephant trunk-slaps you but does no damage.
You block the elephant's attack.
The elephant trunk-slaps you but does no damage.
You fail to use your ability.
The elephant barely misses you. You block the elephant's attack.
Unknown command.
Reach: A) +8 bardiche (chaos)
Press: ? - help, Dir - move target, f/p - elephant
Aim: an elephant (severely wounded, berserk, about 8% to evade your +8 bardiche of chaos)
You completely miss the elephant.
The elephant is severely wounded.
The elephant tramples you.
* * * LOW HITPOINT WARNING * * *
You hold your ground!
The elephant trunk-slaps you but does no damage.
The elephant barely misses you. The elephant closely misses you.
Reach: A) +8 bardiche (chaos)
Press: ? - help, Dir - move target, f/p - elephant
Aim: an elephant (severely wounded, berserk, about 8% to evade your +8 bardiche of chaos)
You hit the elephant. You freeze the elephant.
The elephant is severely wounded.
The elephant barely misses you. The elephant closely misses you.
The elephant tramples you but does no damage.
The elephant barely misses you.
Reach: A) +8 bardiche (chaos)
Press: ? - help, Dir - move target, f/p - elephant
Aim: an elephant (severely wounded, berserk, about 8% to evade your +8 bardiche of chaos)
You hit the elephant but do no damage.
The elephant is poisoned.
The elephant is severely wounded.
The elephant tramples you!
You die...

................######.#
........................
........................
...........###..........
.........>.##...........
............#....#.#.#.#
...........#.......#####
......††Y..#...#...P## #
...###†@#.##..###..##.##
. ####.#...###.......
#......#...#..#P
#.#P..##...##.#.
#.....#.#..##.#.
#....P.# #.......
......### .....#.
........#.. ..[....
........... ....)#.


You could see an elephant (berserk, very poisoned).

Vanquished Creatures
  A hydra (Lair:2)
  A catoblepas (Lair:2)
  A two-headed ogre (D:9)
  Pikel (D:8)
  14 elephants
  3 black mambas
  Joseph (D:7)
  A torpor snail (Lair:1)
  6 cane toads
  A komodo dragon (Lair:1)
  A troll (D:9)
  2 polar bears
  A hornet (D:9)
  14 blink frogs
  Sigmund (D:3)
  14 yaks
  Eustachio (D:6)
  A steam dragon (D:6)
  A basilisk (Lair:3)
  Edmund (D:6)
  14 water moccasins
  Duvessa (D:6)
  An acid dragon (D:9)
  An orc warrior (D:9)
  3 ice beasts
  13 black bears
  21 wolves
  2 centaurs
  A phantom (D:6)
  A kobold brigand (D:7)
  10 bullfrogs
  A gnoll sergeant (D:7)
  2 scorpions (D:4)
  8 wights
  Dowan (D:6)
  5 killer bees (D:9)
  3 electric eels
  A howler monkey (D:9)
  2 jellies (D:8)
  Crazy Yiuf (D:2)
  An orc priest (D:6)
  9 hounds
  3 sleepcaps
  Terence (D:2)
  6 orc wizards
  4 iguanas
  9 mummies
  20 gnolls
  9 adders
  A shadow imp (D:7)
  A white imp (D:5)
  2 ufetubi
  3 worms
  25 orcs
  12 ball pythons
  2 bats (D:3)
  5 endoplasms
  2 giant cockroaches (D:2)
  3 gnoll zombies (Ossuary)
  5 goblins
  9 hobgoblins
  5 jackals
  6 quokkas
  A frilled lizard (D:1)
  A goblin zombie (D:4)
  2 hobgoblin zombies (Ossuary)
  10 kobolds
  3 kobold zombies
  An orc zombie (Ossuary)
  3 rats (D:2)
323 creatures vanquished.

Notes
Turn   | Place    | Note
-------+----------+-------------------------------------------
     0 | D:1      | Graphine the Merfolk Gladiator began the quest for the Orb.
     0 | D:1      | Reached XP level 1. HP: 16/16 MP: 1/1
    75 | D:1      | Reached XP level 2. HP: 18/23 MP: 2/2
   892 | D:2      | Reached XP level 3. HP: 14/28 MP: 3/3
   899 | D:2      | Reached XP level 4. HP: 13/34 MP: 4/4
  1075 | D:2      | Reached skill level 5 in Dodging
  1129 | D:2      | Noticed Terence
  1144 | D:2      | Killed Terence
  1145 | D:2      | Reached skill level 5 in Polearms
  1515 | D:2      | Reached XP level 5. HP: 40/40 MP: 5/5
  1783 | D:2      | Found a runed translucent door.
  1784 | D:2      | Noticed Crazy Yiuf
  1794 | D:2      | Killed Crazy Yiuf
  1969 | D:3      | Noticed Sigmund
  1971 | D:3      | Killed Sigmund
  1972 | D:3      | Reached skill level 6 in Dodging
  1972 | D:3      | Reached XP level 6. HP: 47/47 MP: 6/6
  2241 | D:3      | Reached skill level 1 in Armour
  2350 | D:3      | Found an iron altar of Okawaru.
  2442 | D:3      | Became a worshipper of Warmaster Okawaru
  2638 | D:4      | Reached XP level 7. HP: 44/53 MP: 7/7
  2728 | D:4      | Found a sand-covered staircase.
  2739 | Ossuary  | Entered an ossuary
  3030 | Ossuary  | Reached skill level 7 in Dodging
  3157 | Ossuary  | Identified 2 scrolls of acquirement
  3160 | Ossuary  | Acquired a +6 heavy bardiche
  3165 | Ossuary  | Acquired the +2 pair of gloves of the Original Sin {Harm
                  | Int+3 Slay+2}
  3354 | D:4      | Reached skill level 1 in Invocations
  3380 | D:4      | Found a hide-covered altar of Uskayaw.
  3401 | D:4      | Reached * piety under Okawaru
  3542 | D:4      | Found a staircase to the Ecumenical Temple.
  3697 | D:5      | Entered Level 5 of the Dungeon
  3697 | D:5      | Found a broken altar of Ashenzari.
  3824 | D:5      | Reached XP level 8. HP: 60/60 MP: 9/9
  4039 | D:5      | Reached ** piety under Okawaru
  4199 | D:6      | Reached skill level 8 in Dodging
  4524 | D:6      | Found an ornate altar of the Wu Jian Council.
  4655 | D:6      | Noticed Edmund
  4660 | D:6      | Killed Edmund
  4729 | D:6      | Noticed Eustachio
  4731 | D:6      | Noticed Duvessa
  4731 | D:6      | Noticed Dowan
  4737 | D:6      | Killed Duvessa
  4738 | D:6      | Reached XP level 9. HP: 66/66 MP: 11/11
  4747 | D:6      | Killed Dowan
  4749 | D:6      | Killed Eustachio
  4750 | D:6      | Reached skill level 9 in Dodging
  4833 | D:6      | Found a white marble altar of Elyvilon.
  4882 | D:6      | Reached *** piety under Okawaru
  4977 | D:6      | Reached skill level 5 in Fighting
  4997 | D:6      | Received a gift from Okawaru
  5930 | D:7      | Noticed Joseph
  5932 | D:7      | Killed Joseph
  5932 | D:7      | Reached **** piety under Okawaru
  5933 | D:7      | Reached skill level 5 in Throwing
  5933 | D:7      | Reached skill level 10 in Dodging
  6043 | D:7      | Reached skill level 10 in Polearms
  6128 | D:7      | Identified the +2 plate armour of the Great Game {Regen+
                  | Stlth+}
  6174 | D:7      | Reached XP level 10. HP: 75/75 MP: 13/13
  6209 | D:7      | Found a snail-covered altar of Cheibriados.
  6826 | D:8      | Noticed Pikel
  6836 | D:8      | Killed Pikel
  6836 | D:8      | Reached ***** piety under Okawaru
  7204 | D:9      | Received a gift from Okawaru
  7282 | D:9      | Reached skill level 11 in Dodging
  7428 | D:9      | Noticed a two-headed ogre
  7435 | D:9      | Killed a two-headed ogre
  7436 | D:9      | Reached skill level 5 in Invocations
  7452 | D:9      | Received a gift from Okawaru
  7611 | D:9      | Found a staircase to the Lair.
  8168 | Lair:1   | Entered Level 1 of the Lair of Beasts
  8236 | Lair:1   | Reached XP level 11. HP: 83/83 MP: 15/15
  8286 | Lair:1   | Reached skill level 12 in Dodging
  8307 | Lair:1   | Received a gift from Okawaru
  8845 | Lair:1   | Identified the scarf of Viopt {shadows, rElec Dex+2}
                  | (Okawaru gifted it to you on level 1 of the Lair of Beasts)
  8845 | Lair:1   | Received a gift from Okawaru
  8988 | Lair:1   | Reached skill level 13 in Dodging
  9482 | Lair:1   | Reached XP level 12. HP: 82/92 MP: 16/16
  9565 | Lair:1   | Found the +8 whip "Snakebite" {venom, curare, rPois}
 10466 | Lair:2   | Reached skill level 5 in Armour
 10886 | Lair:2   | Noticed a catoblepas
 10894 | Lair:2   | Killed a catoblepas
 10924 | Lair:2   | Reached skill level 14 in Dodging
 11222 | Lair:2   | Noticed a six-headed hydra
 11234 | Lair:2   | Killed a six-headed hydra
 11234 | Lair:2   | Received a gift from Okawaru
 11960 | Lair:3   | Identified the scarf of Okawaru's Condemnation {harm, rC+}
                  | (Okawaru gifted it to you on level 3 of the Lair of Beasts)
 11960 | Lair:3   | Received a gift from Okawaru
 12356 | Lair:3   | Reached XP level 13. HP: 77/99 MP: 18/18
 12817 | Lair:3   | Reached skill level 15 in Dodging
 12831 | Lair:3   | HP: 4/100 [elephant (19)]
 12837 | Lair:3   | Slain by an elephant

Illustrated notes

Levels and vault maps discovered:
D:1:      beargit_arrival_diablo_church, layout_basic,
          ebering_dispersal_statue_hall
D:2:      layout_loops_ring, uniq_terence, uniq_crazy_yiuf_cottage
D:3:      layout_loops_ring, okawaru_altar_gauntlet_db, uniq_sigmund
D:4:      layout_gridville, nicolae_uskayaw_suspiria, temple_doors_e,
          nicolae_ossuary_entry_giza, minmay_misc_feat_columns
D:5:      layout_cave_pools, mainiacjoe_overflow_small_starburst
D:6:      layout_basic, overflow_temple_1_default,
          mainiacjoe_overflow_concentric_impassable, nicolae_sextant,
          grunt_ministairs_4, uniq_duvessa, uniq_edmund, uniq_eustachio
D:7:      layout_basic, kennysheep_mini, uniq_joseph
D:8:      layout_rooms, minmay_misc_feat_nine_boxes, uniq_pikel
D:9:      layout_loops_ring, erik_lair_island
Lair:1:   minmay_guarded_unrand_snakebite, layout_layer_cave,
          beast_lair_carwin_7
Lair:2:   layout_cave_pods, serial_rivers, chequers_serial_rivers_small_b,
          chequers_serial_rivers_marsh, chequers_serial_rivers_micro_c,
          chequers_serial_rivers_micro_c, chequers_serial_rivers_small_a,
          chequers_serial_rivers_micro_d, nicolae_lair_grazing_beasts
          [nicolae_sub_lair_graze_edge, nicolae_sub_lair_graze_edge,
          nicolae_sub_lair_graze_edge, nicolae_sub_lair_graze_edge]
Lair:3:   layout_gridlike, minmay_shoals_entry_hut,
          spider_nest_entry_funnel_web, infiniplex_staircase_pool,
          grunt_megastairs_5

Skill      XL: |  1  2  3  4  5  6  7  8  9 10 11 12 13 |
---------------+----------------------------------------+-----
Dodging        | 5 6 7 8 10 11 13 14 15 | 15.0
Polearms       | 5 6 7 8 10 11 13 14 | 14.9
Fighting       | 3 4 5 6 7 8 |  8.8
Throwing       | 3 4 5 6 7 8 |  8.0
Armour         | 1 2 3 4 5 |  5.8
Invocations    | 1 3 4 5 6 7 |  7.9

Action                     |  1- 3 |  4- 6 |  7- 9 | 10-12 | 13-15 || total
---------------------------+-------+-------+-------+-------+-------++-------
  Melee: Trident           |    57 |    86 |       |       |       ||   143
         Punch             |     1 |       |       |       |       ||     1
         Halberd           |       |    57 |    66 |       |       ||   123
         Bardiche          |       |       |   181 |   405 |    55 ||   641
         Tailslap          |       |       |       |     6 |     2 ||     8
         Quarterstaff      |       |       |       |     9 |       ||     9
  Throw: Javelin           |     4 |     5 |    12 |    51 |       ||    72
         Throwing net      |       |     4 |       |       |       ||     4
         Dart              |       |     2 |     2 |     1 |       ||     5
  Evoke: Wand              |       |     3 |     1 |       |       ||     4
    Use: Scroll            |     3 |     3 |    11 |     6 |       ||    23
         Potion            |       |       |       |       |     4 ||     4
   Stab: Sleeping          |     4 |     3 |     2 |     2 |       ||    11
         Invisible         |       |       |     2 |       |       ||     2
         Paralysed         |       |       |       |     2 |       ||     2
         Petrifying        |       |       |       |     1 |       ||     1
         Confused          |       |       |       |       |     1 ||     1
 Armour: Leather armour    |     8 |     2 |       |       |       ||    10
         Scale mail        |       |    39 |   150 |   308 |    46 ||   543
  Dodge: Dodged            |    33 |    49 |   206 |   478 |    75 ||   841
  Block: Other             |       |       |       |   124 |    20 ||   144
